 Dungeon Crawl Stone Soup version 0.32-a0-485-g70f7560b1c (webtiles) character file.

Game seed: 16831503480350980010

46 jasper the Ruffian (level 3, -1/27 HPs)
             Began as a Merfolk Shapeshifter on Feb 26, 2024.
             Slain by a gnoll
             ... wielding a +0 halberd
              (9 damage)
             ... on level 2 of the Dungeon.
             The game lasted 00:01:46 (897 turns).

jasper the Ruffian (Merfolk Shapeshifter)            Turns: 897, Time: 00:01:46

Health: -1/27      AC:  5    Str: 16    XL:     3   Next: 66%
Magic:  3/3        EV:  8    Int:  9    God:
Gold:   81         SH:  0    Dex: 13    Spells: 2/2 levels left

rFire   . .          .
                       - Unarmed
rCold   + . .        (no shield)
rNeg    . . .        f - +0 ring mail
rPois   .            (helmet currently unavailable)
rElec   .            (cloak currently unavailable)
rCorr   .            (gloves currently unavailable)
SInv    .            (boots currently unavailable)
Will    .....        (no amulet)
Stlth   +            b - ring of protection from cold
HPRegen 0.24/turn    (no ring)
MPRegen 0.08/turn

%: no passive effects
@: beast-form, constricted
A: beast (slay +2), (nimble swimmer 2), mertail
a: Begin Untransformation


You were on level 2 of the Dungeon.
You were a hulking beast.
You visited 1 branch of the dungeon, and saw 2 of its levels.

You collected 81 gold pieces.

Inventory:

Hand Weapons
 e - the +5 sling "Nasuoskaro" {heavy, rC++ Dex-2}
   (You found it on level 2 of the Dungeon)

   Dex-2:     It affects your dexterity (-2).
   rC++:      It greatly protects you from cold.
Missiles
 k - 19 stones (quivered)
 m - 5 poisoned darts
Armour
 a - a +1 animal skin
 f - a +0 ring mail (worn)
Jewellery
 b - a ring of protection from cold (left hand)
 n - a +5 ring of evasion
Talismans
 c - a beast talisman (active)
 d - a flux talisman
Wands
 i - a wand of iceblast (15)
Potions
 g - 2 potions of enlightenment
 h - a potion of brilliance
 l - 2 potions of curing


   Skills:
 + Level 2.0 Fighting
 + Level 3.4 Dodging
 * Level 4.2 Unarmed Combat
 - Level 4.0 Shapeshifting


You had 2 spell levels left.
You didn't know any spells.
Your spell library contained the following spells:

 Spells                   Type           Power      Damage    Failure   Level
 Necrotise                Necr           0%         1d4       61%         1
 Sandblast                Erth           0%         2d4       61%         1
 Slow                     Hex            0%         N/A       61%         1
 Sting                    Conj/Alch      0%         1d3       61%         1
 Mercury Vapours          Alch/Air       0%         N/A       75%         2
 Tukima's Dance           Hex            0%         N/A       93%         3
 Olgreb's Toxic Radiance  Alch           0%         N/A       100%        4
 Passage of Golubria      Tloc           0%         N/A       100%        4
 Yara's Violent Unravell  Hex/Alch       0%         3d3       100%        5


Dungeon Overview and Level Annotations

Branches:
Dungeon (2/15)

Altars:


Innate Abilities, Weirdness & Mutations

You are a hulking beast.
Your limbs bulge with bestial killing power. (Slay +2)
((You are very nimble when in or above water. (Stealth+, EV+, Speed+++)))
Your lower body shifts to a powerful aquatic tail in water.


Message History

The gnoll barely misses you.
A gnoll comes into view. It is wielding a +0 halberd.
The gnoll hits you from afar with a +0 spear.
Fire: e) +5 sling "Nasuoskaro" {heavy, rC++ Dex-2}
Press: ? - help, Q - select action, (/) - cycle Shift-Dir - straight line, f/p - gnoll
Aim: a gnoll, wielding a +0 spear (heavily wounded, 65% to hit)
You shoot a sling bullet. The gnoll shouts!
The sling bullet hits the gnoll.
The gnoll is severely wounded.
You hear a shout!
The ball python barely misses you. x2
A gnoll comes into view. It is wielding a +0 club.
The gnoll hits you from afar with a +0 spear.
The ball python barely misses you. The ball python grabs you.
The ball python constricts you. The gnoll completely misses you.
You take 2 damage, and have 19/27 hp.
Fire: e) +5 sling "Nasuoskaro" {heavy, rC++ Dex-2}
Press: ? - help, Q - select action, (/) - cycle Shift-Dir - straight line, f/p - gnoll
Aim: a gnoll, wielding a +0 spear (severely wounded, 65% to hit)
You shoot a sling bullet.
The sling bullet closely misses the ball python.
The sling bullet hits the gnoll.
You kill the gnoll!
The ball python bites you. The ball python constricts you.
The ball python barely misses you. The ball python constricts you.
The ball python barely misses you. The ball python constricts you.
Your Fighting skill increases to level 2!
You take 1 damage, and have 18/27 hp.
You are now empty-handed.
The gnoll hits you from afar with a +0 halberd.
The gnoll hits you from afar with a +0 halberd!
* * * LOW HITPOINT WARNING * * *
You take 10 damage, and have 8/27 hp.
MASSIVE DAMAGE!!
You escape the ball python's grasp.
There is a stone staircase leading down here.
The ball python closely misses you. The ball python grabs you.
You stop descending the stairs.
The ball python constricts you.
The gnoll hits you from afar with a +0 halberd!
You die...

###...# *,,,,,,,, ###.#
*,,,,,,,, #.# **,,,,,,,,
#.## **.,******* #..##
***##..** ##..# *,.....*
**** ##.###..†...*
,,,****########...gg.<...*
,,,,,,,.........hS#......*
,,,****############,.....*
,,,* *,,....* ,,,*
****###* ,,,* ****


You could see 2 gnolls and a ball python.

Vanquished Creatures
  A gnoll (D:2)
  An adder (D:2)
  A ribbon worm (D:2)
  4 ball pythons
  2 endoplasms (D:2)
  A giant cockroach (D:1)
  A hobgoblin (D:2)
  4 jackals (D:1)
  A quokka (D:1)
  2 bats
  A goblin (D:1)
  2 kobolds
  4 rats
25 creatures vanquished.

Notes
Turn   | Place    | Note
-------+----------+-------------------------------------------
     0 | D:1      | jasper the Merfolk Shapeshifter began the quest for the
                  | Orb.
     0 | D:1      | Reached XP level 1. HP: 15/15 MP: 1/1
    80 | D:1      | Got Theurgy, Volume One
   139 | D:1      | Reached XP level 2. HP: 12/21 MP: 2/2
   725 | D:2      | Identified the +5 sling "Nasuoskaro" {heavy, rC++ Dex-2}
   838 | D:2      | Reached XP level 3. HP: 26/27 MP: 3/3
   897 | D:2      | Slain by a gnoll

Illustrated notes

Levels and vault maps discovered:
D:1:      dpeg_arrival_prison, layout_rooms
D:2:      layout_basic

Skill      XL: |  1  2  3 |
---------------+----------+-----
Dodging        | 3 |  3.4
Unarmed Combat | 4 |  4.2
Fighting       | 2 |  2.0
Shapeshifting  | |  4.0

Action                     || total
---------------------------++-------
  Melee: Unarmed           ||    56
         Punch             ||     1
   Fire: Sling             ||    24
    Use: Potion            ||     1
         Scroll            ||     7
 Armour: Skin              ||    30
         Animal skin       ||    17
         Ring mail         ||    10
  Dodge: Dodged            ||    57

Table legend: (Time is in decaauts)
 A = Elapsed time spent in this place.
 B = Non-inter-level travel time spent in this place.
 C = Inter-level travel time spent in this place.
 D = Time resting spent in this place.
 E = Time spent auto-exploring this place.
 F = Levels seen in this place.
 G = Mean time per level.
                   A        B        C        D        E       F      G
               +--------+--------+--------+--------+--------+-----+--------+
         Total |    919 |    882 |     37 |     55 |    601 |   2 |  459.5 |
       Dungeon |    919 |    882 |     37 |     55 |    601 |   2 |  459.5 |
               +--------+--------+--------+--------+--------+-----+--------+

Top non-repeatable levels by time:
     D:1: 686 daAuts
     D:2: 232 daAuts
